 Dungeon Crawl Stone Soup version 0.26-a0-682-g294304f6e8 (webtiles) character file.

Game seed: 8381672572802738290

807 Notrik the Fighter (level 7, -1/63 (64) HPs)
             Began as a Barachi Fighter on Oct 20, 2020.
             Slain by Pikel
             ... wielding a +1 whip of electrocution
              (10 damage)
             ... on level 6 of the Dungeon.
             The game lasted 00:08:19 (5729 turns).

Notrik the Fighter (Barachi Fighter)                Turns: 5729, Time: 00:08:20

HP:   -1/63 (64)    AC:  8    Str: 19    XL:     7   Next: 92%
MP:   7/7           EV:  7    Int:  9    God:
Gold: 228           SH:  9    Dex: 11    Spells: 6/6 levels left

rFire    . . .     SeeInvis .   a - +1 long sword
rCold    . . .     Faith    .   c - +0 kite shield
rNeg     . . .     Spirit   .   b - +0 scale mail
rPois    +         Reflect  .   (no helmet)
rElec    .         Harm     .   (no cloak)
rCorr    .         Rampage  .   k - +0 pair of gloves
MR       .....                  (no boots)
Stlth    ..........             (no amulet)
HPRegen  0.20/turn              n - ring of poison resistance
MPRegen  0.10/turn              (no ring)

@: mighty, hasted, very quick
A: +LOS, swims, slowness 1, strong legs 1
a: Hop


You were on level 6 of the Dungeon.
You visited 1 branch of the dungeon, and saw 6 of its levels.

You collected 228 gold pieces.

Inventory:

Hand Weapons
 a - a +1 long sword (weapon)
Missiles
 v - a throwing net (quivered) {!f}
Armour
 b - a +0 scale mail (worn)
 c - a +0 kite shield (worn)
 k - a +0 pair of gloves (worn)
   (You found it on level 1 of the Dungeon)
Jewellery
 j - a cursed ring of attention {unknown}
   (You found it on level 1 of the Dungeon)
 n - a ring of poison resistance (left hand)
   (You took it off a hobgoblin on level 2 of the Dungeon)
 p - an uncursed ring of fire {unknown}
   (You found it on level 3 of the Dungeon)
Scrolls
 g - 3 scrolls of amnesia
 h - a scroll of remove curse {unknown}
 m - a scroll of teleportation {@r4}
 s - a scroll of enchant weapon
 t - a scroll of random uselessness {unknown}
 y - a scroll of magic mapping
Potions
 d - a potion of might
 e - 3 potions of brilliance
 i - a potion of flight {unknown}
 l - a potion of curing {unknown}
 o - 2 potions of heal wounds {unknown}
 q - a potion of haste {@q3}
 r - a potion of magic {unknown}
 u - a potion of degeneration {unknown}
 w - 2 potions of lignification {!q}
 x - a potion of berserk rage
 z - a potion of resistance {unknown}


   Skills:
 * Level 9.2 Fighting
 + Level 6.3 Long Blades
 - Level 3.6 Armour
 - Level 3.2 Shields


You had 6 spell levels left.
You didn't know any spells.
Your spell library was empty.

Dungeon Overview and Level Annotations

Branches:
Dungeon (6/15)
 Temple: D:4-7

Altars:
Dithmenos
Zin

Annotations:
D:6 Pikel


Innate Abilities, Weirdness & Mutations

You can be seen from farther away. (+LOS)
You can swim through water.
You cover ground slowly.
You can hop short distances.


Message History

You hit the lemure but do no damage. You block the lemure's attack.
You slash the lemure! The lemure hits you.
Pikel shouts!
You hit the lemure.
You kill the lemure!
That felt strangely unrewarding.
You hear a shout!
You hit the lemure. You block the lemure's attack.
You hit the lemure.
A gnoll shaman comes into view. It is wielding a +0 club.
The lemure hits you.
You closely miss the lemure.
The gnoll shaman shouts!
The lemure hits you.
You closely miss the lemure. The lemure hits you but does no damage.
Pikel says, "All the lords of Hell know my name!"
You hit the lemure. You block the lemure's attack.
A gnoll comes into view. It is wielding a +0 spear.
You slash the lemure! The lemure hits you but does no damage.
A gnoll comes into view. It is wielding a +0 spear.
You barely miss the lemure.
The gnoll shouts!
You block the lemure's attack.
A lemure comes into view.
You closely miss the lemure. You block the lemure's attack.
A gnoll comes into view. It is wielding a -3 club.
The gnoll shouts!
You hit Pikel but do no damage.
A gnoll comes into view. It is wielding a +0 spear.
The gnoll shouts!
You slash Pikel!
Pikel hits you with a +1 whip of electrocution.
You are electrocuted!
Pikel hits you with a +1 whip of electrocution!
You are electrocuted!
* * * LOW HITPOINT WARNING * * *
Okay, then.
You feel yourself speed up.
A gnoll comes into view.
You block Pikel's attack.
You feel very mighty all of a sudden.
The gnoll shouts!
You slash Pikel!
Pikel hits you with a +1 whip of electrocution.
* * * LOW HITPOINT WARNING * * *
You miss Pikel.
Pikel hits you with a +1 whip of electrocution!
* * * LOW HITPOINT WARNING * * *
You are electrocuted!
You die...

..g .. gg #. g
##.# #g #... #5#
...# #5## #..##
#K# #..## ##@#
#...####.## ..
##......## #.#
#.......#
#..###....##.##
#.>#...#####.#
#......####.##
##.......###.###
##.............#


You could see Pikel, 2 lemures, a gnoll shaman and 4 gnolls.

Vanquished Creatures
  A sky beast (D:5)
  A necrophage (D:5)
  2 ogres (D:4)
  A lemure (D:6)
  A centaur zombie (D:6)
  A bullfrog skeleton (D:4)
  An iguana (D:5)
  A worker ant (D:4)
  A hound skeleton (D:5)
  12 gnolls
  13 adders
  5 worms
  3 dart slugs
  4 leopard geckos
  4 orcs (D:3)
  9 bats
  3 giant cockroaches
  4 goblins
  5 hobgoblins
  7 jackals
  4 quokkas
  A ball python (D:1)
  8 frilled lizards
  11 kobolds
  5 rats
108 creatures vanquished.

Notes
Turn   | Place    | Note
-------+----------+-------------------------------------------
     0 | D:1      | Notrik the Barachi Fighter began the quest for the Orb.
     0 | D:1      | Reached XP level 1. HP: 18/18 MP: 1/1
    97 | D:1      | Reached skill level 4 in Fighting
   103 | D:1      | Reached XP level 2. HP: 20/25 MP: 2/2
   316 | D:1      | Reached XP level 3. HP: 23/31 MP: 3/3
   938 | D:2      | Reached skill level 5 in Fighting
  1137 | D:2      | Reached XP level 4. HP: 36/39 MP: 4/4
  2124 | D:3      | Reached XP level 5. HP: 32/46 MP: 5/5
  2293 | D:3      | Reached skill level 6 in Fighting
  2527 | D:3      | Found a glowing silver altar of Zin.
  2933 | D:4      | Noticed an ogre
  3076 | D:4      | Reached XP level 6. HP: 42/53 MP: 6/6
  3153 | D:4      | Reached skill level 7 in Fighting
  3224 | D:4      | Reached skill level 5 in Long Blades
  3995 | D:4      | Reached skill level 8 in Fighting
  3995 | D:4      | Reached XP level 7. HP: 62/62 MP: 7/7
  4342 | D:5      | Entered Level 5 of the Dungeon
  5085 | D:5      | Found a shadowy altar of Dithmenos.
  5200 | D:5      | Reached skill level 9 in Fighting
  5696 | D:6      | Noticed Pikel
  5729 | D:6      | Slain by Pikel

Illustrated notes

Levels and vault maps discovered:
D:1:      sevenhm_arrival_forest_fort_large_2, layout_basic
D:2:      layout_basic
D:3:      layout_basic, zin_academy
D:4:      layout_basic, chequers_serial_rivers_micro_a
D:5:      layout_loops_corners, grunt_dithmenos_smoke_and_mirrors
D:6:      layout_layer_cave, gammafunk_ghost_grave,
          kennysheep_decorative_pillar, uniq_pikel

Skill      XL: |  1  2  3  4  5  6  7 |
---------------+----------------------+-----
Fighting       | 4 5 6 8 9 |  9.2
Long Blades    | 3 4 5 6 |  6.3
Armour         | |  3.6
Shields        | |  3.2

Action                   |  1- 3 |  4- 6 |  7- 9 || total
-------------------------+-------+-------+-------++-------
Melee: Long sword        |   123 |   209 |   123 ||   455
  Use: Scroll            |       |       |     8 ||     8
       Potion            |       |       |     2 ||     2
Armor: Scale mail        |    74 |    87 |    51 ||   212
Dodge: Dodged            |    52 |    81 |    20 ||   153
Block: Kite shield       |    78 |    98 |    58 ||   234
       Rpst.: Long sword |    14 |    29 |     6 ||    49

Table legend: (Time is in decaauts)
 A = Elapsed time spent in this place.
 B = Non-inter-level travel time spent in this place.
 C = Inter-level travel time spent in this place.
 D = Time resting spent in this place.
 E = Time spent auto-exploring this place.
 F = Levels seen in this place.
 G = Mean time per level.
                   A        B        C        D        E       F      G
               +--------+--------+--------+--------+--------+-----+--------+
         Total |   6462 |   6095 |    367 |    731 |   4410 |   6 | 1077.0 |
       Dungeon |   6462 |   6095 |    367 |    731 |   4410 |   6 | 1077.0 |
               +--------+--------+--------+--------+--------+-----+--------+

Top non-repeatable levels by time:
     D:4: 1524 daAuts
     D:2: 1323 daAuts
     D:5: 1278 daAuts
     D:1: 1047 daAuts
     D:3: 1047 daAuts
     D:6: 241 daAuts
